 Dungeon Crawl Stone Soup version 0.20-b1-2-gc5a9893 (webtiles) character file.

133 Gorglomux the Chopper (level 5, -1/48 HPs)
             Began as a Hill Orc Monk on May 21, 2017.
             Slain by a gnoll
             ... wielding a +0 flail
              (4 damage)
             ... on level 2 of the Dungeon.
             The game lasted 00:03:09 (2774 turns).

Gorglomux the Chopper (Hill Orc Monk)               Turns: 2774, Time: 00:03:10

Health: -1/48      AC:  6    Str: 14      XL:     5   Next: 16%
Magic:  5/5        EV: 17    Int:  9 (10) God:
Gold:   87         SH:  0    Dex: 18 (19) Spells: 4/4 levels left

rFire    . . .     SeeInvis .   a - +0 hand axe
rCold    . . .     Gourm    .   (no shield)
rNeg     . . .     Faith    .   g - +0 ring mail
rPois    .         Spirit   .   f - +0 helmet
rElec    .         Reflect  .   (no cloak)
rCorr    .         Harm     .   (no gloves)
MR       .....                  (no boots)
Stlth    ++........             (no amulet)
Regen    0.2/turn               (no ring)
MPRegen  0.1/turn               (no ring)

@: agile
A: no striking features
a: no special abilities


You were on level 2 of the Dungeon.
You were not hungry.

You visited 1 branch of the dungeon, and saw 3 of its levels.

You collected 87 gold pieces.

Inventory:

Hand Weapons
 a - a +0 hand axe (weapon)
Missiles
 i - 2 throwing nets {=f, !d}
Armour
 b - a +0 robe
 f - a +0 helmet (worn)
   (You found it on level 1 of the Dungeon)
 g - a +0 ring mail (worn)
   (You took it off Terence on level 2 of the Dungeon)
Scrolls
 e - a scroll of remove curse {unknown}
 j - 2 scrolls of amnesia {unknown}
Potions
 h - a potion of agility
 k - a potion of cancellation
Comestibles
 c - a bread ration {@e1}


   Skills:
 + Level 5.0 Fighting
 * Level 6.4 Axes
 - Level 2.4 Dodging
 - Level 1.5 Stealth


You had 4 spell levels left.
You didn't know any spells.

Dungeon Overview and Level Annotations

Branches:
Dungeon (3/15)

Altars:


Message History

2 gnolls come into view.
The gnoll shouts! x3; The orc shouts!
The goblin shouts!
The orc barely misses you.
You hit the orc. The orc hits you but does no damage.
Unknown command.
You hit the orc.
You kill the orc!
You closely miss the orc. You hit the orc. The orc hits you with a hand axe.
The orc hits you but does no damage. x2
Unknown command.
You barely miss the orc. You hit the orc but do no damage.
You closely miss the orc. The orc hits you but does no damage. x2
The orc barely misses you.
A goblin comes into view.
You closely miss the orc. You hit the orc. You barely miss the orc.
The orc barely misses you. The orc hits you but does no damage. x2
The orc hits you but does no damage.
You hit the orc.
You kill the orc!
You hit the orc but do no damage. The orc closely misses you.
You hit the gnoll.
Your ring mail prevents you from hitting the orc.
The gnoll barely misses you. The orc hits you but does no damage.
The gnoll hits you. The orc closely misses you.
The gnoll hits you but does no damage.
A gnoll opens the door.
The gnoll hits you but does no damage.
You see here a ring mail.
The gnoll misses you.
The gnoll hits you from afar with an enchanted spear.
The goblin closely misses you. The orc hits you with a dagger.
The gnoll hits you but does no damage.
There is a stone staircase leading up, spattered with blood here.
You see here a hand axe.
The gnoll barely misses you. The goblin hits you but does no damage.
You climb upwards.
There is a stone staircase leading down here.
You hit the goblin. You closely miss the goblin.
The goblin hits you but does no damage.
You slash the goblin!
You kill the goblin!
No target in view!
No target in view!
There is a stone staircase leading down here.
You start resting.
All of the chunks of flesh in your inventory have rotted away.
You climb downwards.
The orc barely misses you. The orc closely misses you.
The gnoll hits you with a spear. The gnoll misses you.
The orc barely misses you.
There is a stone staircase leading up, spattered with blood here.
You see here a hand axe.
The orc closely misses you. The gnoll misses you. The orc hits you.
The gnoll barely misses you. The gnoll hits you but does no damage.
You climb upwards.
There is a stone staircase leading down here.
Unknown command.
You hit the gnoll but do no damage. You hit the orc but do no damage.
The gnoll hits you but does no damage. The orc completely misses you.
You slash the gnoll! You hit the orc but do no damage.
The gnoll hits you with a spear. The orc hits you with a flail.
Unknown command.
You closely miss the gnoll. You hit the orc. The gnoll hits you with a spear.
The orc closely misses you.
You hit the gnoll but do no damage. You hit the orc but do no damage.
The gnoll hits you with a spear! The orc misses you.
Unknown command.
You are too injured to fight recklessly!
Unknown command.
You are too injured to fight recklessly!
The gnoll hits you with a spear.
You climb downwards.
The orc hits you but does no damage. The gnoll closely misses you.
The goblin misses you. The orc misses you.
There is a stone staircase leading up, spattered with blood here.
You see here a hand axe.
The gnoll hits you but does no damage. The gnoll barely misses you.
The orc hits you but does no damage. The gnoll hits you but does no damage.
You see here a ring mail.
The gnoll hits you from afar with a spear.
* * * LOW HITPOINT WARNING * * *
You barely miss the orc. The orc hits you but does no damage.
You slash the orc!
You kill the orc!
You barely miss the goblin. The goblin hits you but does no damage.
The gnoll hits you but does no damage.
You see here a ring mail.
The gnoll hits you from afar with an enchanted spear!
* * * LOW HITPOINT WARNING * * *
The orc barely misses you.
There is a stone staircase leading up, spattered with blood here.
You see here a hand axe.
The gnoll closely misses you. The orc misses you.
You climb upwards.
The gnoll hits you with a flail.
* * * LOW HITPOINT WARNING * * *
There is a stone staircase leading down, spattered with blood here.
Unknown command.
It was a potion of agility.
You feel agile all of a sudden. The gnoll hits you with a flail.
You die...

#(......# #.#....#
#.#####.# #######.#.####
'.#####.# #.......#.#
##......# #.#######.#
''......# #.# #.#
##......# #.# #.#
........# #o# #.#
.(#'############g# #.#
...............o@# #.#
..#.####.###############.#
..#.# #.# #.......# ..#.#
#.##### #.####### ..#.#
#.#...# #.#...# ###.#
#.#...# #.....# #
#.####.#...# ###.### #
#.#........# #.# #
#.#........#######.#


You could see a gnoll and 2 orcs.

Vanquished Creatures
  Terence (D:2)
  6 adders
  3 worms (D:2)
  3 leopard geckos
  3 orcs (D:3)
  4 giant cockroaches
  6 goblins
  3 hobgoblins
  7 kobolds
  A quokka (D:2)
  A ball python (D:2)
  2 bats
  3 frilled lizards (D:2)
  6 rats
49 creatures vanquished.

Notes
Turn   | Place    | Note
-------+----------+-------------------------------------------
     0 | D:1      | Gorglomux the Hill Orc Monk began the quest for the Orb.
     0 | D:1      | Reached XP level 1. HP: 19/19 MP: 1/1
   225 | D:1      | Reached XP level 2. HP: 25/27 MP: 2/2
   489 | D:1      | Reached skill level 4 in Fighting
   604 | D:1      | Reached skill level 5 in Axes
   604 | D:1      | Reached XP level 3. HP: 13/33 MP: 3/3
   619 | D:1      | HP: 8/33 [poisoned by an adder]
   627 | D:1      | HP: 7/33 [poisoned by an adder]
  1351 | D:2      | Noticed Terence
  1376 | D:2      | Killed Terence
  1588 | D:2      | Reached XP level 4. HP: 19/41 MP: 4/4
  2204 | D:2      | Reached skill level 6 in Axes
  2360 | D:2      | Reached skill level 5 in Fighting
  2472 | D:2      | Reached XP level 5. HP: 48/48 MP: 5/5
  2744 | D:3      | HP: 12/48 [gnoll/spear (5)]
  2761 | D:3      | HP: 7/48 [gnoll/enchanted spear (7)]
  2773 | D:2      | HP: 3/48 [gnoll/flail (6)]
  2774 | D:2      | Slain by a gnoll

Skill      XL: |  1  2  3  4 |
---------------+-------------+-----
Fighting       | 4 5 |  5.0
Axes           | 5 6 |  6.4
Dodging        | |  2.4
Stealth        | |  1.5

Action                   |  1- 3 |  4- 6 || total
-------------------------+-------+-------++-------
Melee: Hand axe          |   106 |   109 ||   215
  Use: Potion            |     4 |     1 ||     5
 Stab: Sleeping          |     7 |       ||     7
  Eat: Chunk             |     2 |     4 ||     6
Armor: Robe              |    10 |       ||    10
       Ring mail         |     1 |    51 ||    52
Dodge: Dodged            |    54 |    77 ||   131

Vault maps used:
D:1:      lightli_arrival_statuegarden
D:2:      minmay_misc_feat_columns, uniq_terence
D:3:      chequers_ecumenical_altar_simple

Table legend:
 A = Turns spent in this place as a percentage of turns spent in the entire game.
 B = Non-inter-level travel turns spent in this place as a percentage of non-inter-level travel turns spent in the entire game.
 C = Inter-level travel turns spent in this place as a percentage of turns spent in this place.
 D = Turns resting spent in this place as a percentage of non-inter-level travel turns spent in this place.
 E = Turns spent auto-exploring this place as a percentage of non-inter-level travel turns spent in this place.
 F = Non-inter-level travel turns spent in this place divided by the number of levels of this place that you've seen.
                   A       B       C       D       E      F
               +-------+-------+-------+-------+-------+----------------------
         Total | 100.0 | 100.0 |   0.5 |   2.6 |   8.1 | 258.7
       Dungeon | 100.0 | 100.0 |   0.5 |   2.6 |   8.1 | 258.7
               +-------+-------+-------+-------+-------+----------------------

Table legend:
 A = Kills in this place as a percentage of kills in entire the game.
 B = Kills by you in this place as a percentage of kills by you in the entire game.
 C = Kills by friends in this place as a percentage of kills by friends in the entire game.
 D = Other kills in this place as a percentage of other kills in the entire game.
 E = Experience gained in this place as a percentage of experience gained in the entire game.
 F = Experience gained in this place divided by the number of levels of this place that you have seen.
                   A       B       C       D       E      F
               +-------+-------+-------+-------+-------+----------------------
         Total | 100.0 | 100.0 |  -nan |  -nan | 100.0 |  63.7
       Dungeon | 100.0 | 100.0 |  -nan |  -nan | 100.0 |  63.7
               +-------+-------+-------+-------+-------+----------------------
